 Dungeon Crawl Stone Soup version 0.19-a0-1903-gead39cf (webtiles) character file.

53 GlassEater the Ducker (level 3, 0/17 HPs)
             Began as a Felid Monk on Oct 20, 2016.
             Slain by Natasha (7 damage)
             ... on level 2 of the Dungeon.
             The game lasted 00:04:06 (2414 turns).

GlassEater the Ducker (Felid Monk)                  Turns: 2414, Time: 00:04:07

Health: 0/17       AC:  1    Str:  7    XL:     3   Next: 64%
Magic:  4/4        EV: 21    Int: 11    God:
Gold:   108        SH:  0    Dex: 19    Spells: 0 memorised, 2 levels left
                                        Lives:  0   Deaths: 1

rFire  . . .     SeeInvis +       - Unarmed
rCold  . . .     Gourm    .     (armour unavailable)
rNeg   . . .     Faith    .     (shield unavailable)
rPois  .         Spirit   .     (helmet unavailable)
rElec  .         Reflect  .     (cloak unavailable)
rCorr  .         Harm     .     (gloves unavailable)
MR     .....                    (boots unavailable)
Stlth  +++.......               (no amulet)
                                (no ring)
                                c - ring of flight

@: quick
A: no armour, no weapons or thrown items, stealth, claws 1, fangs 3, see
invisible, carnivore 3, speed 1, shaggy fur 1, slow metabolism 1, sharp paws
a: Evoke Flight


You were on level 2 of the Dungeon.
You were not hungry.

You visited 1 branch of the dungeon, and saw 2 of its levels.

You collected 108 gold pieces.

Inventory:

Jewellery
 c - a ring of flight (left paw)
Scrolls
 b - a scroll of identify {unknown}
 d - 3 scrolls of teleportation {unknown}
 e - a scroll of enchant armour {unknown}
Potions
 g - a potion of haste {unknown}
 h - 2 potions of curing {unknown}
 i - a potion of brilliance {unknown}
Comestibles
 a - 4 meat rations
 j - a beef jerky


   Skills:
 + Level 3.2 Fighting
 * Level 5.4 Dodging
 + Level 3.9 Stealth
 + Level 4.0 Unarmed Combat


You had 2 spell levels left.
You didn't know any spells.

Dungeon Overview and Level Annotations

Branches:
Dungeon (2/15)

Altars:
Makhleb

Annotations:
D:2 Natasha


Innate Abilities, Weirdness & Mutations

You cannot wear armour.
You are incapable of wielding weapons or throwing items.
Your paws allow you to move quietly. (Stealth)
You have sharp claws.
You have razor-sharp teeth.
You have supernaturally acute eyesight. (SInv)
You are carnivorous and can eat meat at any time.
You cover ground quickly.
You are covered in fur. (AC +1)
You have a slow metabolism.
Your sharp claws are effective at attacking unaware monsters.


Message History

Natasha casts a spell at you. The magic dart hits you!
The kobold closely misses you.
You scratch Natasha.
Natasha is severely wounded.
Natasha closely misses you.
You miss Natasha.
Natasha is severely wounded.
The kobold misses you.
You scratch Natasha.
Natasha is severely wounded.
Natasha misses you. The kobold hits you.
You scratch Natasha.
Natasha is severely wounded.
Natasha hisses.
Natasha mumbles some strange words.
The kobold closely misses you.
You miss Natasha.
Natasha is severely wounded.
Natasha claws you!
You die...

.........# #....#.#...[.......#
.#.#.#...#####....#.#.########..#
......###...###.#.#.#K# #).#
.#.#.####(..###.#.#.#h# #..#
...............[..#.#†# #..#
.#.#.#.##...###.#5..#.# #...
.......########.#.###.# #.##
.......# #....Kh....# #.#
.......# #....@#############.#
.......# #...................#
.......#####.....###############
........#.........#
##.#....#.........#
##.#....#.........#
...#....#....(>...#
##.#....#.........#
##.#....#.........#


You could see Natasha, a crimson imp and a kobold.

Vanquished Creatures
  4 adders (D:2)
  2 oozes
  A worm (D:2)
  4 dart slugs
  4 giant cockroaches (D:1)
  10 goblins
  6 hobgoblins
  3 jackals (D:2)
  6 kobolds
  2 quokkas
  5 bats
  4 frilled lizards
  4 rats
55 creatures vanquished.

Notes
Turn   | Place    | Note
-------+----------+-------------------------------------------
     0 | D:1      | GlassEater the Felid Monk began the quest for the Orb.
     0 | D:1      | Reached XP level 1. HP: 10/10 MP: 2/2
   221 | D:1      | Reached XP level 2. HP: 14/14 MP: 3/3
  1016 | D:1      | Reached XP level 3. HP: 17/17 MP: 4/4
  1548 | D:2      | Reached skill level 5 in Dodging
  1590 | D:2      | Reached XP level 4. HP: 11/21 MP: 5/5
  1983 | D:2      | Found a burning altar of Makhleb.
  2357 | D:2      | Noticed Natasha
  2364 | D:2      | Killed from afar by Natasha
  2365 | D:2      | Reached XP level 3. HP: -5/17 MP: 4/4
  2414 | D:2      | Slain by Natasha

Vault maps used:
D:1:      dpeg_arrival_leaves_temple_mockup
D:2:      lemuel_round_altar, st_stairs_9, uniq_natasha, uniq_crazy_yiuf_cottage

Skill      XL: |  1  2  3  4 |
---------------+-------------+-----
Stealth        | 3 |  3.9
Dodging        | 5 |  5.4
Unarmed Combat | 4 |  4.0
Fighting       | |  3.2

Action                   |  1- 3 |  4- 6 || total
-------------------------+-------+-------++-------
Melee: Unarmed           |   113 |    63 ||   176
       Bite              |     7 |     9 ||    16
       Punch             |       |     1 ||     1
 Stab: Sleeping          |     8 |       ||     8
       Distracted        |     1 |     1 ||     2
  Eat: Chunk             |    10 |     1 ||    11
Armor: Skin              |     2 |     4 ||     6
Dodge: Dodged            |    88 |    54 ||   142
